 Dungeon Crawl Stone Soup version 0.28-a0-612-gcfc00ec14d (webtiles) character file.

Game seed: 201707400258275842

6485 bande the Cleaver (level 11, -14/66 HPs)
             Began as a Gargoyle Fighter on Oct 5, 2021.
             Was an Elder of Okawaru.
             Demolished by a sun demon (17 damage)
             ... summoned by a kobold demonologist
             ... on level 11 of the Dungeon.
             The game lasted 00:21:45 (12479 turns).

bande the Cleaver (Gargoyle Fighter)               Turns: 12479, Time: 00:21:46

Health: -14/66     AC: 22    Str: 21    XL:     11   Next: 0%
Magic:  13/13      EV:  8    Int:  8    God:    Okawaru [****..]
Gold:   407        SH: 11    Dex: 12    Spells: 10/10 levels left

rFire   . . .      SeeInvis .   a - +0 war axe (freeze)
rCold   + . .      Faith    .   c - +0 buckler
rNeg    + . .      Spirit   .   D - +0 chain mail
rPois   ∞          Reflect  +   j - +1 helmet
rElec   +          Harm     .   o - scarf {repulsion}
rCorr   .          Rampage  .   (no gloves)
Will    .....                   f - +0 pair of boots
Stlth   ..........              i - amulet of reflection
HPRegen 0.21/turn               e - ring of protection from cold
MPRegen 0.13/turn               (no ring)

@: repel missiles
A: sickness immunity, AC +8, negative energy resistance 1, electricity
resistance, torment resistance 1, petrification resistance
a: Renounce Religion, Heroism, Finesse


You were on level 11 of the Dungeon.
You worshipped Okawaru.
Okawaru was greatly pleased with you.
You visited 2 branches of the dungeon, and saw 12 of its levels.

You collected 576 gold pieces.
You spent 169 gold pieces at shops.

Inventory:

Hand Weapons
 a - a +0 war axe of freezing (weapon)
 b - the +1 triple crossbow of Certain Death {penet, Dex+3}
   (You found it on level 6 of the Dungeon)

   Any ammunition fired by it passes through the targets it hits, potentially
   hitting all targets in its path until it reaches maximum range.
   Dex:       It affects your dexterity (+3).
 g - a +3 flail
 I - a +0 hand axe of electrocution
Missiles
 n - 2 throwing nets (quivered)
Armour
 c - a +0 buckler (worn)
 f - a +0 pair of boots (worn)
 j - a +1 helmet (worn)
 o - a scarf of repulsion (worn)
 v - a +0 kite shield
 x - a +0 pair of gloves
 D - a +0 chain mail (worn)
Jewellery
 e - a ring of protection from cold (left hand)
 i - an amulet of reflection (around neck)
 u - a +4 ring of protection
 J - a ring of poison resistance
Wands
 s - a wand of polymorph (13)
 z - a wand of digging (7)
 E - a wand of flame (44)
 H - a wand of paralysis (7)
Scrolls
 m - a scroll of blinking {unknown}
 q - 3 scrolls of teleportation
 y - 2 scrolls of torment
 F - a scroll of amnesia
Potions
 d - 4 potions of might
 h - 6 potions of curing
 k - 3 potions of lignification
 l - a potion of brilliance {unknown}
 p - 2 potions of flight
 r - a potion of magic {unknown}
 t - 4 potions of haste
 w - a potion of attraction {unknown}
 A - a potion of resistance {unknown}
 B - a potion of heal wounds
 C - a potion of invisibility {unknown}
 G - a potion of mutation {unknown}


   Skills:
 + Level 6.9 Fighting
 + Level 9.5 Axes
 + Level 7.9 Armour
 + Level 8.1 Shields
 * Level 3.4 Invocations
 * Level 5.2 Evocations


You had 10 spell levels left.
You didn't know any spells.
Your spell library contained the following spells:

 Spells                   Type           Power      Damage    Failure   Level
 Freeze                   Ice            0%         1d3       97%         1
 Corpse Rot               Necr/Air       N/A        N/A       99%         2
 Poisonous Vapours        Pois/Air       0%         N/A       99%         2
 Slow                     Hex            0%         N/A       99%         2
 Static Discharge         Conj/Air       0%         N/A       99%         2
 Confusing Touch          Hex            0%         N/A       100%        3
 Conjure Flame            Conj/Fire      0%         6-21      100%        3
 Frozen Ramparts          Ice            0%         1d2       100%        3
 Ignite Poison            Fire/Tmut/Pois 0%         N/A       100%        3
 Hailstorm                Conj/Ice       0%         3d3       100%        4
 Ice Form                 Ice/Tmut       0%         N/A       100%        4
 Petrify                  Tmut/Erth      0%         N/A       100%        4
 Sticky Flame             Conj/Fire      0%         2d3       100%        4
 Irradiate                Conj/Tmut      0%         3d14      100%        5
 Lightning Bolt           Conj/Air       0%         1d11      100%        5
 Yara's Violent Unravell  Hex/Tmut       0%         3d3       100%        5
 Borgnjor's Revivificati  Necr           0%         N/A       100%        8
 Necromutation            Tmut/Necr      0%         N/A       100%        8
 Death's Door             Necr           0%         N/A       100%        9
 Sublimation of Blood     Necr           Unusable   N/A       N/A         2
 Summon Ice Beast         Ice/Summ       Unusable   N/A       N/A         4

Dungeon Overview and Level Annotations

Branches:
Dungeon (11/15)            Temple (1/1) D:7            Lair (0/6) D:10
    Orc (0/2) D:10

Altars:
Ashenzari
Cheibriados
Dithmenos
Elyvilon
Fedhas
Gozag
Hepliaklqana
Kikubaaqudgha
Makhleb
Nemelex Xobeh
Okawaru
Qazlal
Ru
Sif Muna
Trog
Uskayaw
Vehumet
Wu Jian
Xom
Yredelemnul
Zin
The Shining One

Shops:
D:6 :!


Innate Abilities, Weirdness & Mutations

You are immune to sickness and miasma.
Your stone body is resilient. (AC +8)
You are immune to poison.
You resist negative energy. (rN+)
You are resistant to electric shocks. (rElec)
You are resistant to unholy torment.
You are immune to petrification.


Message History

Something hits you but does no damage. x2
Something hits you but does no damage. Something hits you but does no damage.
Something hits you.
* * * LOW HITPOINT WARNING * * *
Something hits you but does no damage. Something hits you.
* * * LOW HITPOINT WARNING * * *
You closely miss something. Something hits you but does no damage.
Something hits you but does no damage. x2
You slash something! You freeze something.
Something hits you but does no damage. Something hits you but does no damage.
A kobold demonologist comes into view. It is wielding a +0 dagger.
The kobold demonologist shouts!
You hear a shout!
Something hits you but does no damage.
A kobold comes into view. It is wielding a +0 short sword.
Something hits you but does no damage.
Found a potion of might.
The kobold shouts!
You hear a shout!
Something hits you but does no damage.
A kobold brigand comes into view.
It is wielding a +0 dagger and quivering curare-tipped darts.
Something hits you.
* * * LOW HITPOINT WARNING * * *
A kobold demonologist comes into view. It is wielding a +0 dagger.
The kobold demonologist mumbles some strange words.
You hear a shout!
You see here a ring of poison resistance.
J - a ring of poison resistance Something hits you but does no damage. x2
You slash something! You freeze something. Okawaru accepts your kill.
Reactivating autopickup.
You feel a bit more experienced.
You barely miss the sun demon.
The kobold demonologist casts a spell.
The kobold demonologist looks braver for a moment.
The sun demon hits you!
* * * LOW HITPOINT WARNING * * *
You are engulfed in flames!
You die...

#.# K.... #.#
#.K.. #.#
#K5.. #.#
#.... #.#
#.K.. ###.#
#.[..##...#
#....3....#
#....@..#.#
....###...#.#
. #.#...#
#.##### #.#
#.# #!# #.#


You could see a sun demon (summoned), 2 kobold demonologists, 2 kobold brigands
and an iron imp (summoned).

Vanquished Creatures
  An unseen horror (D:11)
  2 kobold demonologists (D:10)
  A komodo dragon (D:10)
  A troll (D:9)
  2 hornets
  Grinder (D:3)
  A wyvern (D:10)
  5 yaks
  A wraith (D:10)
  A basilisk (D:10)
  A warg (D:10)
  2 water moccasins
  An acid dragon (D:10)
  3 orc warriors
  3 black bears
  An ice beast (D:5)
  A sky beast (D:6)
  3 centaurs
  2 ogres
  2 bullfrogs
  A gnoll sergeant (D:8)
  2 scorpions
  4 killer bees (D:7)
  3 howler monkeys (D:9)
  11 wights
  4 centaur zombies
  2 bullfrog skeletons
  A bullfrog zombie (D:5)
  3 hounds
  A jelly (D:5)
  A centaur skeleton (D:7)
  2 orc priests
  2 iguanas
  An orc wizard (D:10)
  Robin (D:3)
  7 gnolls
  12 adders
  A white imp (D:6)
  2 ufetubi
  2 dart slugs
  17 orcs
  6 ball pythons
  6 bats
  4 endoplasms
  3 giant cockroaches
  12 goblins
  6 hobgoblins
  2 quokkas (D:1)
  3 frilled lizards
  14 kobolds
  3 rats
174 creatures vanquished.

Vanquished Creatures (others)
  10 fungi (D:6)
10 creatures vanquished.

Grand Total: 184 creatures vanquished

Notes
Turn   | Place    | Note
-------+----------+-------------------------------------------
     0 | D:1      | bande the Gargoyle Fighter began the quest for the Orb.
     0 | D:1      | Reached XP level 1. HP: 14/14 MP: 1/1
     2 | D:1      | Got Sif Muna's Guide on Flight
   208 | D:1      | Reached XP level 2. HP: 18/19 MP: 2/2
   499 | D:1      | Reached skill level 2 in Axes
   866 | D:2      | Reached XP level 3. HP: 22/24 MP: 3/3
  1157 | D:2      | Found a glowing golden altar of the Shining One.
  1344 | D:2      | Reached XP level 4. HP: 18/29 MP: 4/4
  1490 | D:2      | Reached skill level 3 in Axes
  1555 | D:2      | Reached XP level 5. HP: 7/33 MP: 5/5
  2160 | D:3      | Noticed Robin
  2175 | D:3      | Killed Robin
  2336 | D:3      | Noticed Grinder
  2354 | D:3      | Paralysed by Grinder for 4 turns
  2365 | D:3      | Killed Grinder
  2366 | D:3      | Reached skill level 4 in Axes
  2366 | D:3      | Reached XP level 6. HP: 15/39 MP: 6/6
  2700 | D:3      | Found a faded altar of an unknown god.
  2803 | D:4      | Reached XP level 7. HP: 32/44 MP: 7/7
  2883 | D:4      | Reached skill level 5 in Axes
  3103 | D:4      | Reached skill level 5 in Armour
  3949 | D:5      | Entered Level 5 of the Dungeon
  3979 | D:5      | Reached skill level 5 in Shields
  4390 | D:5      | Reached skill level 5 in Fighting
  4390 | D:5      | Reached skill level 6 in Axes
  4390 | D:5      | Reached XP level 8. HP: 22/49 MP: 8/8
  4952 | D:5      | Reached skill level 1 in Evocations
  5368 | D:6      | Found Wasyqimei's Distillery.
  5377 | D:6      | Bought a potion of heal wounds for 65 gold pieces
  5377 | D:6      | Bought a potion of might for 52 gold pieces
  5377 | D:6      | Bought a potion of might for 52 gold pieces
  5574 | D:6      | Identified the +1 triple crossbow of Certain Death {penet,
                  | Dex+3}
  6116 | D:6      | Found Vunas's Book Shop.
  6434 | D:7      | Found a staircase to the Ecumenical Temple.
  6444 | Temple   | Entered the Ecumenical Temple
  6509 | Temple   | Became a worshipper of Warmaster Okawaru
  6931 | D:7      | Reached XP level 9. HP: 39/54 MP: 9/9
  6941 | D:7      | Reached skill level 7 in Axes
  7710 | D:8      | Noticed a hornet
  7723 | D:8      | Killed a hornet
  7754 | D:7      | Reached * piety under Okawaru
  8263 | D:8      | Reached skill level 8 in Axes
  9123 | D:9      | Reached ** piety under Okawaru
  9145 | D:9      | Noticed a troll
  9157 | D:9      | Killed a troll
  9158 | D:9      | Reached XP level 10. HP: 24/61 MP: 10/10
  9725 | D:9      | Reached skill level 1 in Invocations
 10264 | D:9      | Identified the +0 robe of the Wilderness {rElec Str+7}
 10379 | D:10     | Entered Level 10 of the Dungeon
 10738 | D:10     | HP: 1/61 [komodo dragon (12)]
 10740 | D:10     | Reached *** piety under Okawaru
 10901 | D:10     | Reached skill level 9 in Axes
 11155 | D:10     | Found a staircase to the Lair.
 11263 | D:10     | Found a sparkling altar of Nemelex Xobeh.
 11310 | D:10     | Found a staircase to the Orcish Mines.
 11646 | D:10     | Noticed a kobold demonologist
 11649 | D:10     | Noticed a kobold demonologist
 11654 | D:10     | Noticed an orange demon
 11655 | D:10     | Noticed a sixfirhy
 11662 | D:10     | Killed a kobold demonologist
 11664 | D:10     | Killed a kobold demonologist
 11664 | D:10     | Reached **** piety under Okawaru
 11665 | D:10     | Reached skill level 5 in Evocations
 12412 | D:11     | Reached XP level 11. HP: 52/66 MP: 13/13
 12478 | D:11     | Noticed a sun demon
 12479 | D:11     | HP: 3/66 [sun demon[a kobold demonologist] (11)]
 12479 | D:11     | Demolished by a sun demon

Illustrated notes

Levels and vault maps discovered:
D:1:      dpeg_arrival_three_bigger_balls, layout_basic, hex_medium
D:2:      layout_basic, basic_altar
D:3:      layout_rooms, hellmonk_ecumenical_altar_zigzags, uniq_robin,
          uniq_grinder
D:4:      layout_basic, grunt_decor_mini_mirrors
D:5:      layout_loops_ring, nrook_pool_corridor
D:6:      layout_loops_ring, serial_shops, shop, shop, serial_aquarium,
          aquarium_bridge_square [aquarium_subvault_window,
          aquarium_subvault_bridge, aquarium_subvault_window,
          aquarium_subvault_wall], aquarium_window_fake, aquarium_window_corner,
          aquarium_view_2b, aquarium_view_2d, aquarium_pool_corner
D:7:      layout_loops_cross, temple_fountains
D:8:      layout_loops_corners
D:9:      layout_long_grid
D:10:     layout_small_grid, nemelex_spade_bored_becter, erik_lair_dragon,
          david_orc_3
D:11:     layout_basic, serial_bayou_lake_a, uniq_grum
Temple:   dpeg_three_leaves_temple

Skill      XL: |  1  2  3  4  5  6  7  8  9 10 |
---------------+-------------------------------+-----
Axes           | 2 3 4 6 8 9 |  9.5
Armour         | 4 5 6 7 |  7.9
Fighting       | 4 5 6 |  6.9
Shields        | 4 5 6 7 8 |  8.1
Evocations     | 2 4 5 |  5.2
Invocations    | 3 |  3.4

Action                   |  1- 3 |  4- 6 |  7- 9 | 10-12 || total
-------------------------+-------+-------+-------+-------++-------
Melee: War axe           |   108 |   113 |   386 |   183 ||   790
  Use: Scroll            |       |     4 |     9 |     4 ||    17
       Potion            |       |     1 |     1 |     4 ||     6
Armor: Scale mail        |    61 |    87 |    83 |       ||   231
       Chain mail        |       |       |   149 |   176 ||   325
Dodge: Dodged            |    55 |    52 |   164 |    70 ||   341
       Repelled          |       |       |     1 |       ||     1
Block: Buckler           |    19 |    41 |   253 |   125 ||   438
       Reflection        |       |     2 |     3 |     3 ||     8

Table legend: (Time is in decaauts)
 A = Elapsed time spent in this place.
 B = Non-inter-level travel time spent in this place.
 C = Inter-level travel time spent in this place.
 D = Time resting spent in this place.
 E = Time spent auto-exploring this place.
 F = Levels seen in this place.
 G = Mean time per level.
                   A        B        C        D        E       F      G
               +--------+--------+--------+--------+--------+-----+--------+
         Total |  12668 |  12668 |      0 |   3325 |   6839 |  12 | 1055.7 |
       Dungeon |  12402 |  12402 |      0 |   3151 |   6793 |  11 | 1127.5 |
        Temple |    265 |    265 |      0 |    174 |     46 |   1 |  265.0 |
               +--------+--------+--------+--------+--------+-----+--------+

Top non-repeatable levels by time:
    D:10: 2045 daAuts
     D:7: 1400 daAuts
     D:9: 1308 daAuts
     D:5: 1303 daAuts
     D:2: 1252 daAuts
     D:4: 1201 daAuts
     D:8: 1117 daAuts
     D:6: 1101 daAuts
     D:1: 870 daAuts
     D:3: 719 daAuts
  Temple: 265 daAuts
    D:11: 84 daAuts
